 Dungeon Crawl Stone Soup version 0.29.1-2-gbd0b4ee654 (webtiles) character file.

Game seed: 728073942013871979

4579 Gabide the Thrower (level 10, -3/90 HPs)
             Began as a Ghoul Gladiator on Nov 5, 2022.
             Slain by a killer bee (8 damage)
             ... on level 8 of the Dungeon.
             The game lasted 00:22:56 (9390 turns).

Gabide the Thrower (Ghoul Gladiator)                Turns: 9390, Time: 00:22:57

Health: -3/90      AC:  8    Str: 29    XL:     10   Next: 41%
Magic:  9/9        EV: 12    Int:  9    God:
Gold:   225        SH:  0    Dex: 10    Spells: 9/9 levels left

rFire   . . .      SeeInvis +   x - +10 dagger of Gozag's Grace {freeze, *Noise rPois SInv}
rCold   + . .      Faith    .   (no shield)
rNeg    + + +      Spirit   .   E - +0 troll leather armour
rPois   ∞          Reflect  .   b - +2 helmet
rElec   .          Harm     .   (no cloak)
rCorr   .          Rampage  .   y - +0 pair of gloves
Will    .....                   (no boots)
Stlth   +.........              (no amulet)
HPRegen 0.00/turn               m - +6 ring of intelligence
MPRegen 0.11/turn               q - +6 ring of strength

@: inhibited regen, slowed, invisible, very slow
A: claws 1, cold resistance 1, negative energy resistance 3, inhibited
regeneration, torment resistance 2, devour on kill
a: no special abilities


You were on level 8 of the Dungeon.
You visited 2 branches of the dungeon, and saw 9 of its levels.

You collected 439 gold pieces.
You spent 214 gold pieces at shops.

Inventory:

Hand Weapons
 x - the +10 dagger of Gozag's Grace (weapon) {freeze, *Noise rPois SInv}
   (You found it on level 6 of the Dungeon)

   It freezes those it strikes, dealing additional cold damage.
   It can also slow down cold-blooded creatures.
   rPois:     It protects you from poison.
   SInv:      It lets you see invisible.
   *Noise:    It may make noises in combat.
Missiles
 i - 3 poisoned darts
 p - a javelin
 s - a boomerang (quivered)
 t - a throwing net
Armour
 b - a +2 helmet (worn)
 c - a +0 ring mail
 o - the +9 plate armour of the Furies {Int+5 Dex+3}
   (You found it on level 8 of the Dungeon)

   Int:       It affects your intelligence (+5).
   Dex:       It affects your dexterity (+3).
 y - a +0 pair of gloves (worn)
 E - a +0 troll leather armour (worn)
Jewellery
 m - a +6 ring of intelligence (left hand)
 q - a +6 ring of strength (right hand)
Wands
 d - a wand of mindburst (7)
 z - a wand of flame (16)
 B - a wand of iceblast (9)
Scrolls
 a - a scroll of teleportation
 f - a scroll of silence
 g - a scroll of immolation
 h - a scroll of magic mapping {unknown}
 j - 5 scrolls of fear
 l - 2 scrolls of blinking
 n - 3 scrolls of brand weapon
 r - 2 scrolls of fog
 v - a scroll of enchant armour
 A - 2 scrolls of identify
Potions
 e - a potion of lignification
 k - a potion of flight
 u - 2 potions of brilliance {unknown}
 w - a potion of might {unknown}
 C - 2 potions of mutation {unknown}
 D - a potion of heal wounds {unknown}


   Skills:
 + Level 8.7 Fighting
 * Level 10.2 Throwing
 - Level 3.0 Dodging
 - Level 8.0 Unarmed Combat


You had 9 spell levels left.
You didn't know any spells.
Your spell library contained the following spells:

 Spells                   Type           Power      Damage    Failure   Level
 Magic Dart               Conj           0%         1d3       41%         1
 Sting                    Tmut/Pois      0%         1d3       41%         1
 Poisonous Vapours        Pois/Air       0%         N/A       56%         2
 Searing Ray              Conj           0%         2d4       56%         2
 Animate Dead             Necr           0%         N/A       99%         4
 Fulminant Prism          Conj/Hex       0%         3d6       99%         4
 Olgreb's Toxic Radiance  Pois           0%         N/A       99%         4
 Haunt                    Necr/Summ      0%         N/A       100%        7
 Infestation              Necr           0%         N/A       100%        8


Dungeon Overview and Level Annotations

Branches:
Dungeon (8/15)             Temple (1/1) D:4
   Lair: D:8-11

Altars:
Ashenzari
Cheibriados
Fedhas
Gozag
Hepliaklqana
Kikubaaqudgha
Makhleb
Okawaru
Qazlal
Sif Muna
Trog
Vehumet
Wu Jian
Xom
Yredelemnul

Shops:
D:1 ?


Innate Abilities, Weirdness & Mutations

You are immune to poison.
You have sharp fingernails.
Your flesh is cold resistant. (rC+)
You are immune to negative energy. (rN+++)
You do not regenerate when monsters are visible.
You are immune to unholy pain and torment.
You thrive by killing the living.


Message History

Your surroundings suddenly seem different.
A gnoll bouda, a centaur warrior and a killer bee come into view.
The centaur warrior is wielding a +0 trident and wearing the ring of Qifist {EV+4 Str+2}.
Found three items.
The centaur warrior shouts!
The killer bee buzzes angrily.
The centaur warrior unwields a +0 trident.
The centaur warrior wields a +2 longbow of freezing.
It is covered in frost.
The centaur warrior shoots an arrow.
The arrow misses you.
The centaur warrior shoots an arrow.
The arrow hits you!
* * * LOW HITPOINT WARNING * * *
You fade into invisibility!
A shadow comes into view.
A kobold brigand comes into view.
It is wielding a +0 short sword and quivering curare-tipped darts.
The killer bee barely misses you.
You miss the killer bee. The killer bee closely misses you. x2
The centaur warrior shoots an arrow.
The arrow hits the gnoll bouda!
The arrow freezes the gnoll bouda.
A wight comes into view. It is wielding a +0 mace.
The killer bee closely misses you.
Okay, then.
Press: ? - help, v - describe, . - travel, g - get item Item here: an ichor-stained plate armour.
The floor.
Unknown command.
Unknown command.
Blink to where?
Press: ? - help, Dir - move target
Found a dagger.
As you read the scroll of blinking, it crumbles to dust.
The shadow slips into darkness.
The shadow flickers and vanishes for a moment.
o - the +9 plate armour of the Furies {Int+5 Dex+3} An unseen horror comes into view.
The killer bee stings you.
* * * LOW HITPOINT WARNING * * *
The killer bee barely misses you. The shadow hits you.
* * * LOW HITPOINT WARNING * * *
The centaur warrior shoots an arrow.
The arrow hits the gnoll bouda!
The arrow freezes the gnoll bouda.
The killer bee stings you!
You die... .#. .. .. #### .## ##.#.#.. # # z##.c#... .#..# #.....g..#..x.)# #...##..#y@W..# K#z

##.#=..#.#
#####.# ##. ...
.. #... # ..##...
..#. ....... ##.
#.#.###..####.#.#
#......g......#


You could see a centaur warrior (unable to see you), an unseen horror
(invisible), a shadow, a gnoll bouda (unable to see you), a killer bee (unable
to see you) and a wight (wandering, unable to see you).

Vanquished Creatures
  Pikel (D:4)
  A troll (D:8)
  A wyvern (D:8)
  6 yaks (D:8)
  Menkaure (D:7)
  Duvessa (D:7)
  3 ice beasts
  2 sky beasts
  5 ogres
  A black bear (D:5)
  A centaur (D:7)
  2 lemures (D:4)
  A phantom (D:5)
  4 bullfrogs
  3 scorpions
  Dowan (D:7)
  3 howler monkeys
  A jelly (D:4)
  3 orc priests
  A gnoll bouda (D:7)
  2 hounds
  2 iguanas
  9 orc wizards
  29 gnolls
  5 adders
  3 shadow imps
  A white imp (D:6)
  3 ufetubi
  6 dart slugs
  25 orcs
  6 endoplasms
  6 giant cockroaches
  10 hobgoblins
  18 jackals
  2 quokkas
  8 ball pythons
  4 bats
  6 frilled lizards
  13 goblins
  5 kobolds
  5 rats
210 creatures vanquished.

Vanquished Creatures (others)
  A wyvern (D:6)
  A steam dragon (D:6)
  An orc wizard (D:3)
  An orc (D:3)
  An endoplasm (D:3)
  A fungus (D:3)
  10 plants (D:3)
16 creatures vanquished.

Grand Total: 226 creatures vanquished

Notes
Turn   | Place    | Note
-------+----------+-------------------------------------------
     0 | D:1      | Gabide the Ghoul Gladiator began the quest for the Orb.
     0 | D:1      | Reached XP level 1. HP: 17/17 MP: 0/0
    53 | D:1      | Reached skill level 2 in Throwing
    53 | D:1      | Reached XP level 2. HP: 19/25 MP: 1/1
   227 | D:1      | Reached XP level 3. HP: 30/30 MP: 2/2
   544 | D:1      | Found Odiy's Magic Scroll Boutique.
   549 | D:1      | Bought a scroll of teleportation for 39 gold pieces
   840 | D:2      | Reached XP level 4. HP: 36/37 MP: 3/3
  1177 | D:2      | Reached skill level 3 in Throwing
  2180 | D:3      | Reached XP level 5. HP: 43/45 MP: 4/4
  2305 | D:3      | Reached skill level 4 in Throwing
  2305 | D:3      | Reached XP level 6. HP: 52/52 MP: 5/5
  2363 | D:3      | HP: 1/52 [something (3)]
  3466 | D:3      | Reached XP level 7. HP: 56/59 MP: 6/6
  3515 | D:3      | Reached skill level 5 in Throwing
  3515 | D:3      | Reached skill level 5 in Unarmed Combat
  4330 | D:3      | Found a hazy altar of Hepliaklqana.
  4407 | D:3      | Found a faded altar of an unknown god.
  4979 | D:1      | Bought a scroll of identify for 26 gold pieces
  4980 | D:1      | Bought a scroll of enchant armour for 97 gold pieces
  4980 | D:1      | Bought a scroll of poison for 52 gold pieces
  5902 | D:4      | Noticed Pikel
  5909 | D:4      | Killed Pikel
  5910 | D:4      | Reached skill level 5 in Fighting
  5910 | D:4      | Reached skill level 6 in Throwing
  5910 | D:4      | Reached XP level 8. HP: 69/69 MP: 7/7
  6010 | D:4      | Found a staircase to the Ecumenical Temple.
  6228 | Temple   | Entered the Ecumenical Temple
  6404 | D:5      | Entered Level 5 of the Dungeon
  6563 | D:5      | Reached skill level 7 in Throwing
  6610 | D:5      | Found a snail-covered altar of Cheibriados.
  6782 | D:5      | Reached XP level 9. HP: 77/77 MP: 8/8
  6887 | D:5      | Found a shimmering blue altar of Sif Muna.
  7510 | D:6      | Reached skill level 8 in Throwing
  7622 | D:6      | Found a stormy altar of Qazlal.
  7628 | D:6      | Identified the +10 dagger of Gozag's Grace {freeze, *Noise
                  | rPois SInv}
  8663 | D:7      | Found a radiant altar of Vehumet.
  8718 | D:7      | Noticed Menkaure
  8722 | D:7      | Killed Menkaure
  8742 | D:7      | Noticed Dowan
  8747 | D:7      | Killed Dowan
  8761 | D:7      | Noticed Duvessa
  8765 | D:7      | Killed Duvessa
  8892 | D:7      | Reached skill level 9 in Throwing
  8976 | D:7      | Found an ornate altar of the Wu Jian Council.
  9038 | D:8      | Reached XP level 10. HP: 75/88 MP: 9/9
  9317 | D:8      | Reached skill level 10 in Throwing
  9386 | D:8      | Identified the ring of Qifist {EV+4 Str+2}
  9386 | D:8      | Noticed a centaur warrior
  9389 | D:8      | Identified the +9 plate armour of the Furies {Int+5 Dex+3}
  9390 | D:8      | Noticed an unseen horror
  9390 | D:8      | Slain by a killer bee

Illustrated notes

Levels and vault maps discovered:
D:1:      dpeg_arrival_fog, layout_rooms, serial_shops, nicolae_shop_trees
D:2:      layout_loops_cross, serial_co_window_serial, co_window_corner_a,
          co_window_corner_a, co_window_paths_a, co_window_paths_a,
          co_window_paths_b, co_window_paths_a, co_window_of_opportunity_a,
          co_window_unsneaky_path_c, co_window_paths_c,
          co_window_of_opportunity_b, co_window_2corner, co_window_cross_3,
          co_window_paths_d, co_window_4corner_a, glass_columns_a,
          glass_columns_b
D:3:      lemuel_castle_with_subvaults [lemuel_castle_interior_original],
          layout_loops_ring, nicolae_overflow_hidden_temple, lemuel_tele_altar,
          shapermc_ecumenical_altar_mp_ritualfount, portal_sewer_entry_c
D:4:      layout_basic, elyvilon_altar_5, temple_green, uniq_pikel
D:5:      layout_rooms, old_standard_altar, overflow_temple_1_default,
          serial_park_tiny_2, due_unseen_surprise
D:6:      layout_rooms, lemuel_coloured_pillars_altar, lemuel_flamethrower_2
D:7:      layout_basic, vehumet_crystals, mainiacjoe_overflow_big_doors,
          minivault_26, uniq_menkaure, uniq_duvessa
D:8:      minmay_the_grid_octo_tiled_squarecenter
          [minmay_the_grid_octo_odd_swirl, minmay_the_grid_octo_vomiting_pacman,
          minmay_the_grid_octo_clover_2, minmay_the_grid_octo_tetromino_candy,
          minmay_the_grid_square_5x5_megaprize_crossed,
          minmay_the_grid_square_5x5_inner_z, minmay_the_grid_square_5x5_c,
          minmay_the_grid_square_5x5_minimal,
          minmay_the_grid_square_5x5_longway], layout_basic,
          nicolae_ru_the_path_less_chosen, lair_entry_dummy, enter_bailey_1
Temple:   nicolae_temple_bog_church

Skill      XL: |  1  2  3  4  5  6  7  8  9 10 |
---------------+-------------------------------+-----
Throwing       | 2 3 4 6 7 9 10 | 10.2
Dodging        | 3 |  3.0
Fighting       | 3 4 5 6 7 8 |  8.7
Unarmed Combat | 4 6 8 |  8.0

Action                   |  1- 3 |  4- 6 |  7- 9 | 10-12 || total
-------------------------+-------+-------+-------+-------++-------
Melee: Unarmed           |    84 |   192 |   276 |       ||   552
       Punch             |     1 |     9 |    14 |     5 ||    29
       Dagger            |       |       |    82 |    69 ||   151
Throw: Throwing net      |     3 |     2 |       |       ||     5
       Javelin           |     2 |     6 |     5 |       ||    13
       Stone             |     8 |    12 |     8 |       ||    28
       Dart              |     1 |     6 |    13 |       ||    20
       Boomerang         |       |       |    16 |     5 ||    21
Evoke: Wand              |       |       |    14 |       ||    14
  Use: Potion            |       |     4 |     1 |     1 ||     6
       Scroll            |       |     1 |    14 |     2 ||    17
 Stab: Invisible         |       |       |     1 |       ||     1
Armor: Leather armour    |    22 |    51 |    26 |       ||    99
       Ring mail         |       |       |    88 |    14 ||   102
       Troll leather arm |       |       |       |     4 ||     4
Dodge: Dodged            |    33 |   125 |   180 |    43 ||   381
